 Dungeon Crawl Stone Soup version 0.26-a0-812-g31a745ddcd (webtiles) character file.

Game seed: 7777932903072681120

1365 Lanoc the Firebug (level 8, -1/62 HPs)
             Began as a Naga Fire Elementalist on Nov 26, 2020.
             Was an Initiate of Ashenzari.
             Slain by a two-headed ogre
             ... wielding a +0 giant spiked club
              (19 damage)
             ... on level 6 of the Dungeon.
             The game lasted 00:07:17 (4573 turns).

Lanoc the Firebug (Naga Fire Elementalist)          Turns: 4573, Time: 00:07:18

Health: -1/62      AC:  7    Str: 11    XL:     8   Next: 65%
Magic:  3/11       EV: 11    Int: 18    God:    Ashenzari [......]
Gold:   146        SH:  0    Dex: 11    Spells: 6/11 levels left

rFire    . . .     SeeInvis +   e - +3 dagger (venom)
rCold    . . .     Faith    .   (no shield)
rNeg     . . .     Spirit   .   o - +0 steam dragon scales
rPois    +         Reflect  .   (no helmet)
rElec    .         Harm     .   m - +0 cloak
rCorr    .         Rampage  .   h - +0 pair of gloves
MR       +....                  (no barding)
Stlth    ++........             (no amulet)
HPRegen  0.20/turn              (no ring)
MPRegen  0.12/turn              (no ring)

@: very slow
A: large, see invisible, deformed body, poison resistance, slowness 2, spit
poison 1, AC +2
a: Spit Poison, Curse Item, Renounce Religion


You were on level 6 of the Dungeon.
You worshipped Ashenzari.
Ashenzari was noncommittal.
You visited 1 branch of the dungeon, and saw 6 of its levels.

You collected 238 gold pieces.
You spent 92 gold pieces at shops.

Inventory:

Hand Weapons
 e - a +3 dagger of venom (weapon)
Missiles
 f - 12 curare-tipped darts (quivered)
Armour
 h - a +0 pair of gloves (worn)
 m - a +0 cloak (worn)
 o - +0 steam dragon scales (worn)
Scrolls
 c - a scroll of teleportation
 d - 3 scrolls of remove curse
 k - a scroll of blinking {unknown}
 l - 3 scrolls of magic mapping {unknown}
 n - a scroll of identify {unknown}
Potions
 b - 2 potions of brilliance
 g - 2 potions of flight
 i - a potion of ambrosia {unknown}
 j - 2 potions of curing {unknown}


   Skills:
 + Level 4.4 Dodging
 - Level 3.0 Stealth
 - Level 2.0 Spellcasting
 + Level 5.1 Conjurations
 * Level 7.9 Fire Magic


You had 6 spell levels left.
You knew the following spells:

 Your Spells              Type           Power        Failure   Level
a - Foxfire               Conj/Fire      ####         1%          1
b - Sticky Flame          Conj/Fire      ####....     12%         4

Your spell library contained the following spells:

 Spells                   Type           Power        Failure   Level
 Conjure Flame            Conj/Fire      ####....     3%          3
 Inner Flame              Hex/Fire       ###.....     11%         3
 Fireball                 Conj/Fire      ####......   34%         5


Dungeon Overview and Level Annotations

Branches:
Dungeon (6/15)
 Temple: D:4-7

Altars:
Ashenzari
Trog

Shops:
D:4 *


Innate Abilities, Weirdness & Mutations

You cannot wear boots.
Your serpentine skin is tough. (AC +2)
You have supernaturally acute eyesight. (SInv)
Armour fits poorly on your strangely shaped body.
Your system is resistant to poisons. (rPois)
You cover ground very slowly.
You can spit poison.


Message History

Casting: Foxfire (safe; 1% risk of failure)
Confirm with . or Enter, or press ? or * to list all spells.
Nothing appears to happen.
The two-headed ogre looks more healthy.
The foxfire hits the bullfrog.
The bullfrog is moderately wounded.
The foxfire hits the two-headed ogre.
The two-headed ogre is almost dead.
The foxfire hits the bullfrog.
The bullfrog is moderately wounded.
The bullfrog barely misses you.
The two-headed ogre hits you with a +0 giant spiked club!!
The two-headed ogre hits you with a +0 giant club.
Casting: Foxfire (safe; 1% risk of failure)
Confirm with . or Enter, or press ? or * to list all spells.
You conjure some foxfire!
The bullfrog hits you.
* * * LOW HITPOINT WARNING * * *
A jelly comes into view.
The bullfrog barely misses you.
The two-headed ogre hits you with a +0 giant spiked club!!
You die...

### #.J # #.# .#
#.####.. # #.#...
....#######v#.#
#....<..v@O.#
#########.F.......
#######.##


You could see a two-headed ogre, a bullfrog and a jelly.

Vanquished Creatures
  Maggie (D:5)
  2 water moccasins (D:4)
  A phantom (D:4)
  A hound (D:4)
  A quasit (D:5)
  Crazy Yiuf (D:5)
  5 orc priests
  A gnoll shaman (D:5)
  5 orc wizards
  A bullfrog skeleton (D:4)
  2 iguanas
  4 worker ants
  5 gnolls (D:5)
  7 adders
  A howler monkey skeleton (D:4)
  A shadow imp (D:3)
  2 white imps (D:5)
  An ufetubus (D:5)
  An ooze (D:4)
  A worm (D:5)
  A leopard gecko (D:3)
  11 orcs
  2 giant cockroaches
  2 hobgoblins (D:3)
  9 jackals
  A goblin (D:3)
  A kobold (D:2)
  A leopard gecko skeleton (D:4)
  A quokka skeleton (D:4)
  3 rats
76 creatures vanquished.

Vanquished Creatures (others)
  364 foxfires
  2 plants (D:3)
366 creatures vanquished.

Grand Total: 442 creatures vanquished

Notes
Turn   | Place    | Note
-------+----------+-------------------------------------------
     0 | D:1      | Lanoc the Naga Fire Elementalist began the quest for the
                  | Orb.
     0 | D:1      | Reached XP level 1. HP: 15/15 MP: 3/3
   197 | D:3      | Reached XP level 2. HP: 22/22 MP: 5/5
   383 | D:3      | Reached XP level 3. HP: 22/28 MP: 0/6
   391 | D:3      | Reached skill level 4 in Fire Magic
   391 | D:3      | Reached XP level 4. HP: 15/36 MP: 0/7
   827 | D:3      | Found a broken altar of Ashenzari.
   831 | D:3      | Saw a vision of the Swamp and the Spider Nest.
   831 | D:3      | Noticed a wolf spider
   831 | D:3      | Noticed a wolf spider
   831 | D:3      | Noticed an alligator
   831 | D:3      | Noticed a hornet
   831 | D:3      | Noticed a wolf spider
   831 | D:3      | Noticed an alligator
   831 | D:3      | Noticed a wolf spider
   831 | D:3      | Noticed a redback
   832 | D:3      | Noticed a swamp drake
   843 | D:3      | Became a worshipper of Ashenzari the Shackled
   972 | D:3      | Reached XP level 5. HP: 26/42 MP: 0/8
  1738 | D:4      | Reached skill level 5 in Fire Magic
  1802 | D:4      | Found a bloodstained altar of Trog.
  1810 | D:4      | Reached XP level 6. HP: 49/49 MP: 3/9
  1816 | D:4      | Learned a level 4 spell: Sticky Flame
  2428 | D:4      | Noticed a phantom
  2436 | D:4      | Reached XP level 7. HP: 40/55 MP: 2/10
  2468 | D:5      | Entered Level 5 of the Dungeon
  2721 | D:4      | Reached skill level 6 in Fire Magic
  3016 | D:4      | Found Gonenk's Serpentskin Sales.
  3020 | D:4      | Bought 3 curare-tipped darts for 23 gold pieces
  3020 | D:4      | Bought 6 curare-tipped darts for 46 gold pieces
  3020 | D:4      | Bought 3 curare-tipped darts for 23 gold pieces
  3265 | D:4      | Reached XP level 8. HP: 55/62 MP: 4/11
  3439 | D:5      | Reached skill level 7 in Fire Magic
  4046 | D:5      | Found a runed translucent door.
  4047 | D:5      | Noticed Crazy Yiuf
  4059 | D:5      | Killed Crazy Yiuf
  4335 | D:6      | Noticed Maggie
  4350 | D:5      | Killed Maggie
  4350 | D:5      | Reached skill level 5 in Conjurations
  4562 | D:6      | Noticed a two-headed ogre
  4573 | D:6      | Slain by a two-headed ogre

Illustrated notes

Levels and vault maps discovered:
D:1:      dpeg_arrival_snail, layout_basic
D:2:      layout_loops_ring
D:3:      layout_rooms, grunt_ashenzari_visionary
          [grunt_ashenzari_visionary_swamp, grunt_ashenzari_visionary_spider]
D:4:      minmay_opposing_rooms, layout_cave_pools, lemuel_round_altar,
          grunt_decor_resistance, guppyfry_shop_venom
D:5:      layout_basic, uniq_crazy_yiuf_cottage
D:6:      layout_loops_cross, gammafunk_temple_overflow_pools,
          minmay_temple_entry_purple_smoke, nicolae_ru_great_annihilating_truth,
          uniq_maggie, uniq_pikel

Skill      XL: |  1  2  3  4  5  6  7  8 |
---------------+-------------------------+-----
Dodging        | 2 3 4 |  4.4
Conjurations   | 2 3 4 5 |  5.1
Fire Magic     | 4 5 6 7 |  7.9
Stealth        | |  3.0
Spellcasting   | |  2.0

Action                   |  1- 3 |  4- 6 |  7- 9 || total
-------------------------+-------+-------+-------++-------
Melee: Unarmed           |     6 |       |       ||     6
       Dagger            |       |    23 |    23 ||    46
 Cast: Foxfire           |    21 |    80 |   111 ||   212
 Abil: Spit Poison       |     9 |    14 |     9 ||    32
  Use: Potion            |     3 |     1 |       ||     4
       Scroll            |       |     3 |     1 ||     4
 Stab: Sleeping          |       |       |     2 ||     2
Armor: Robe              |     3 |     7 |    21 ||    31
       Steam dragon scal |       |       |     1 ||     1
Dodge: Dodged            |    10 |    26 |    54 ||    90

Table legend: (Time is in decaauts)
 A = Elapsed time spent in this place.
 B = Non-inter-level travel time spent in this place.
 C = Inter-level travel time spent in this place.
 D = Time resting spent in this place.
 E = Time spent auto-exploring this place.
 F = Levels seen in this place.
 G = Mean time per level.
                   A        B        C        D        E       F      G
               +--------+--------+--------+--------+--------+-----+--------+
         Total |   5151 |   5083 |     68 |    641 |   3786 |   6 |  858.5 |
       Dungeon |   5151 |   5083 |     68 |    641 |   3786 |   6 |  858.5 |
               +--------+--------+--------+--------+--------+-----+--------+

Top non-repeatable levels by time:
     D:4: 2090 daAuts
     D:5: 1587 daAuts
     D:3: 1207 daAuts
     D:2: 145 daAuts
     D:1: 99 daAuts
     D:6: 21 daAuts
